AoeStats
← Hawk9710

Black Forest

510099420Analyzed
3v3 RM · 2d ago on Sep 29, 2026· 57m 22s· 6 players
Game mode
Random Map
Map size
Normal (6 player)
Population
200
Speed
Normal
Resources
Standard
Victory
Conquest
Starting age
Dark Age
Ending age
Imperial Age
RankedLock teamsTeams togetherTeam positionsShared explorationLock speedFull tech treeHidden civsTurbo modeCheats
Victory
Defeat
🇺🇸 Portuguese · United States
1100
+14
1063
+16
🇹🇷 Koreans · Türkiye
1036
+17
🇦🇺 Saxons · Australia
1075
-16
🇦🇺 Britons · Australia
1063
-16
🇦🇺 Persians · Australia
1043
-15
希望大陸人有素質一點
5:28 Loom
16:32 Feudal Age
21:06 Castle Age
32:14 Double-Bit Axe
33:49 Wheelbarrow
33:40 Bow Saw
33:38 Horse Collar
35:35 Hand Cart
35:06 Town Watch
38:32 Gold Mining
38:35 Stone Mining
39:08 Light Cavalry
40:04 Bloodlines
39:55 Husbandry
40:16 Forging
40:12 Scale Barding Armor
40:34 Heavy Plow
44:50 Imperial Age
44:23 Iron Casting
44:54 Chain Barding Armor
44:37 Elite War Elephant
45:43 Conscription
46:45 Plate Barding Armor
47:13 Blast Furnace
50:47 Two-Man Saw
50:37 Crop Rotation
56:08 Caravan
X Saint
0:49 Loom
12:11 Feudal Age
19:05 Castle Age
17:19 Double-Bit Axe
20:14 Bow Saw
31:43 Imperial Age
29:39 Gold Mining
31:16 Stone Mining
33:30 Chemistry
33:26 Fletching
34:46 Bodkin Arrow
37:03 Siege Engineers
39:12 Horse Collar
40:18 Caravan
41:23 Wheelbarrow
40:33 Town Watch
41:06 Cavalier
43:52 Forging
43:47 Scale Barding Armor
45:10 Bloodlines
45:38 Iron Casting
45:23 Chain Barding Armor
48:14 Hand Cart
48:00 Town Patrol
49:33 Blast Furnace
49:08 Plate Barding Armor
48:57 Elite Skirmisher
50:07 Bracer
50:07 Padded Archer Armor
50:32 Heavy Plow
51:21 Crossbowman
52:07 Thumb Ring
52:48 Arbalester
54:08 Light Cavalry
i.yildirim35
10:32 Feudal Age
12:11 Double-Bit Axe
19:06 Fishing Lines
23:13 Castle Age
21:47 Gold Mining
21:48 Stone Mining
23:27 Fletching
24:18 Bow Saw
24:54 Gold Shaft Mining
24:55 Stone Shaft Mining
24:19 Bodkin Arrow
24:19 Gillnets
25:30 Wheelbarrow
27:08 Hand Cart
31:14 Imperial Age
31:11 Ballistics
32:16 Caravan
32:19 Bracer
33:22 Chemistry
33:23 Elite War Wagon
35:25 Shinkichon
36:35 Two-Man Saw
36:54 Conscription
38:26 Forging
38:22 Scale Barding Armor
49:42 Eupseong
FlankTank
8:49 Loom
12:36 Feudal Age
13:10 Double-Bit Axe
14:47 Horse Collar
22:20 Castle Age
20:48 Fletching
24:24 Bow Saw
27:52 Heavy Plow
28:37 Bodkin Arrow
28:51 Stone Mining
29:32 Gold Mining
29:51 Padded Archer Armor
30:53 Leather Archer Armor
31:29 Elite Skirmisher
34:16 Wheelbarrow
34:12 Ballistics
33:51 Murder Holes
35:37 Masonry
35:47 Scale Mail Armor
35:58 Forging
36:10 Squires
36:04 Pikeman
37:25 Town Watch
39:01 Fortified Wall
38:44 Guard Tower
38:55 Clerical Recruitment
42:17 Sanctity
45:16 Imperial Age
44:00 Treadmill Crane
46:30 Bracer
47:01 Ring Archer Armor
47:53 Conscription
48:34 Hand Cart
49:50 Chain Mail Armor
50:11 Iron Casting
51:16 Illumination
51:10 Block Printing
T!ts-Ron
14:49 Feudal Age
13:10 Loom
16:55 Double-Bit Axe
17:02 Horse Collar
22:28 Castle Age
20:41 Gold Mining
20:42 Stone Mining
23:50 Bow Saw
27:07 Gold Shaft Mining
27:08 Stone Shaft Mining
26:37 Heavy Plow
31:37 Imperial Age
29:37 Kamandaran
33:21 Conscription
33:50 Scale Barding Armor
33:46 Scale Mail Armor
33:57 Forging
33:37 Fletching
33:48 Padded Archer Armor
34:20 Citadels
34:43 Murder Holes
35:09 Ballistics
35:50 Chemistry
34:41 Heated Shot
34:42 Guard Tower
35:03 Masonry
35:27 Cavalier
37:06 Husbandry
37:17 Bloodlines
37:43 Light Cavalry
38:21 Pikeman
39:02 Squires
39:06 Elite Skirmisher
42:53 Leather Archer Armor
42:36 Gambesons
42:12 Man-at-Arms
49:26 Halberdier
Hawk9710
3:25 Loom
14:38 Feudal Age
15:05 Double-Bit Axe
16:00 Wheelbarrow
20:21 Castle Age
20:10 Gold Mining
20:12 Stone Mining
23:48 Bow Saw
23:34 Horse Collar
24:14 Fletching
24:25 Padded Archer Armor
25:39 Heavy Plow
26:22 Gold Shaft Mining
27:20 Bodkin Arrow
27:41 Leather Archer Armor
26:49 Crossbowman
32:07 Imperial Age
30:04 Ballistics
31:25 Yeomen
32:39 Forging
32:35 Scale Barding Armor
33:14 Conscription
33:24 Bracer
33:54 Ring Archer Armor
34:03 Iron Casting
34:24 Hand Cart
34:13 Husbandry
33:33 Light Cavalry
34:37 Chain Barding Armor
35:26 Warwolf
35:42 Caravan
37:19 Hoardings
37:33 Town Watch
37:12 Arbalester
41:06 Plate Barding Armor
40:49 Siege Engineers
42:38 Chemistry
41:35 Murder Holes
43:27 Elite Skirmisher
50:08 Blast Furnace
Connection lost

Rejoining the realm…

Still unreachable

The connection could not be restored.

Session expired

The server has moved on; the page needs a fresh start.